[Event "EU-ch 12th"]
[Site "Aix les Bains"]
[Date "2011.03.22"]
[Round "1"]
[White "Jakovenko, Dmitrij"]
[Black "Smirnov, Artem"]
[Result "0-1"]
[ECO "E32"]
[WhiteElo "2718"]
[BlackElo "2425"]
[Annotator "ChessBase"]
[PlyCount "86"]
[EventDate "2011.03.22"]
[EventType "swiss"]
[EventRounds "11"]
[EventCountry "FRA"]
[SourceTitle "CBM 142 Extra"]
[Source "ChessBase"]
[SourceDate "2011.06.27"]
[SourceVersion "1"]
[SourceVersionDate "2011.06.27"]
[SourceQuality "1"]
[TimeControl "40/5400+30:1800+30"]

1. d4 Nf6 2. c4 e6 3. Nc3 Bb4 4. Qc2 O-O 5. a3 Bxc3+ 6. Qxc3 Ne4 (6... b6) 7. Qc2 f5 8. Nf3 (8. Nh3) (8. e3) (8. g3) 8... b6 9. g3 Bb7 10. Bg2
Nf6 11. O-O Be4 12. Qc3 Qe8 13. b3 d6 14. Bb2 Nbd7 15.
Rfd1 Qh5 16. Qd2 Rae8 17. Rac1 h6 18. b4 {Although this is a Classical
Nimzo-Indian by definition, in many ways it is also the dream of any Dutch
player with control over the e4 square by the bishop no less, and every piece
aimed at the enemy king.} g5 $1 19. a4 Ng4 20. h3 Ngf6 21. c5 Nd5 22. cxd6 cxd6
{White is already in big trouble, and it is not clear he can objectively
defend this against best play. Still, as seen by Navara against Colin: never
say never!} 23. Bf1 N7f6 24. Nh2 g4 $1 25. e3 ({A casual looker might ask why
not try and lock up the kingside with} 25. h4 $2 {but it doesn't work, and
Black would just bludgeon through with} f4 26. Re1 fxg3 27. fxg3 Qg6 {followed
by} 28. Z0 Nh5 {and Nxg3.}) 25... gxh3 26. b5 Ng4 27. Qe2 Bg2 $2 {A mistake
that might have let Jakovenko back into the game.} ({The correct follow-up was
} 27... Qg6 28. Bxh3 Ngxe3 $1 29. fxe3 Qxg3+ 30. Bg2 Nxe3 31. Rd2 Qxg2+ 32.
Qxg2+ Nxg2 33. Rxg2+ Bxg2 34. Kxg2 Rc8 {and the rook and three pawns for the
two pieces easily decides it.}) 28. Ba3 Rd8 29. Rc6 Rf7 30. Rdc1 Bxf1 31. Rxf1
Rfd7 32. e4 Ndf6 33. d5 $2 {Dmitry was clearly rattled after finding himself
facing certain death, and is unable to recover his equanamity.} exd5 34. exf5
Qxf5 35. Bb2 Re8 36. Qc2 Qe4 37. Qxe4 dxe4 38. f3 exf3 39. Bxf6 f2+ 40. Kh1
Nxf6 41. Rxf2 Ne4 42. Rfc2 Nxg3+ 43. Kg1 Ne2+ (43... Ne2+ 44. Kh1 (44. Kf2 Rf7+
45. Ke1 Nd4+) 44... Rg7 {threatening Rg1 mate.} 45. Nf3 Rg2 $1 {and the threat
of Ng3 mate ends all resistance.}) 0-1

[Event "Khanty-Mansiysk FIDE GP (Women)"]
[Site "Khanty-Mansiysk"]
[Date "2014.04.09"]
[Round "1"]
[White "Girya, Olga"]
[Black "Dzagnidze, Nana"]
[Result "1-0"]
[ECO "E32"]
[WhiteElo "2450"]
[BlackElo "2550"]
[Annotator "ChessBase Website"]
[PlyCount "97"]
[EventDate "2014.04.09"]
[EventType "tourn"]
[EventRounds "11"]
[EventCountry "RUS"]
[EventCategory "10"]
[SourceTitle "CBM 160"]
[Source "ChessBase"]
[SourceDate "2014.05.15"]
[SourceVersion "1"]
[SourceVersionDate "2014.05.15"]
[SourceQuality "1"]
[TimeControl "40/5400+30:1800+30"]
[WhiteClock "1:30:00"]
[BlackClock "1:30:00"]

1. d4 Nf6 2. c4 e6 3. Nc3 Bb4 4. Qc2 O-O 5. a3 Bxc3+ 6. Qxc3 b6 7. Bg5 Bb7 8. e3 d6 9. Ne2 Nbd7 10. Qd3 (10. Qc2 c5 11. Rd1 Qe7 12. dxc5 bxc5
13. Nc3 Rfd8 14. f3 Ne5 15. Be2 d5 16. O-O h6 17. Bh4 Nxc4 18. Bxc4 dxc4 19.
Qa4 g5 20. Bf2 Nd7 21. Bg3 Nb6 22. Qc2 Nd5 23. Rfe1 Nxc3 24. Qxc3 Rxd1 25. Rxd1
Rd8 26. Rxd8+ Qxd8 27. h3 h5 28. Qxc4 Qd5 29. Qxd5 Bxd5 30. e4 Bc6 31. Bf2 f5
32. exf5 exf5 33. Bxc5 a5 34. b3 Bd5 35. b4 axb4 36. axb4 Bc6 37. h4 g4 38. Kf2
gxf3 39. gxf3 Kf7 {Dreev,A (2670)-Alekseev,E (2678) Loo 2014 1/2-1/2}) 10...
Re8 11. Nc3 Nf8 12. Qc2 $146 (12. f3 Ng6 13. e4 h6 14. Be3 Qe7 15. Qd2 c5 16. d5 Ba6 17.
Rd1 exd5 18. cxd5 Bxf1 19. Rxf1 Qe5 20. Kf2 Qxh2 21. Rh1 Qe5 22. Ne2 Nxe4+ 23.
fxe4 Qxe4 24. Ng3 Qg4 25. Qe2 Ne5 26. Rhe1 Qg6 27. Qd2 c4 28. Bf4 Nd3+ 29. Kg1
Nxe1 30. Rxe1 h5 31. Nf1 Rxe1 32. Qxe1 Qd3 33. Qg3 Qxd5 34. Ne3 Qe4 35. Bxd6
Re8 36. Bf4 Re6 37. Qg5 f6 38. Qf5 Qxf5 39. Nxf5 Re1+ 40. Kh2 {0-1 (40) Levin,
E (2512)-Alekseev,E (2714) Yekaterinburg 2013}) 12... h6 13.
Bxf6 Qxf6 14. Bd3 Bxg2 {
[%emt 0:04:27] A very complex game. Girya's pawns sacrifice might not have
been totally justified but it certainly put pressure on Black's position. Once
White safeguarded her own king it was only a matter of time until Black's king
could not resist the pressure any longer.} 15. Rg1 $44 Bf3 16. Rg3 Rad8 17. Kd2 Bh5 18. f4 d5 19. Rag1 g6 20. cxd5 exd5 21. Qa4 c5 22. Nxd5 Qh4 23. dxc5 bxc5 24. Qc4 Qxh2+ 25. R1g2 Qh4 26. Kc2 Rd6 27. Qxc5 Qd8 28. Bc4 Kh7 29. Rd2 Qb8 30. Qd4 Nd7 31. b3 Qd8 32. Qxa7 Rf8 33. e4 Nb6 34. Rgd3 Nxd5 35. Rxd5 Rxd5 36. Rxd5 Qh4 37. Qe3 Qh1 38. Rd7 Kg8 39. Rd6 Qg2+ 40. Rd2 Qh1 41. Kb2 Bf3 42. e5 Be4 43. e6 Qb1+ 44. Kc3 Qc1+ 45. Kb4 fxe6 46. Bxe6+ Kh8 47. Qd4+ Kh7 48. Qd7+ Kh8 49. Qd6 1-0

[Event "EU-ch 12th"]
[Site "Aix les Bains"]
[Date "2011.03.31"]
[Round "9"]
[White "Yakovich, Yuri"]
[Black "Goganov, Aleksey"]
[Result "0-1"]
[ECO "E32"]
[WhiteElo "2546"]
[BlackElo "2469"]
[Annotator "Marchand,A/Primel,D"]
[PlyCount "70"]
[EventDate "2011.03.22"]
[EventType "swiss"]
[EventRounds "11"]
[EventCountry "FRA"]
[SourceTitle "CBM 142 Extra"]
[Source "ChessBase"]
[SourceDate "2011.06.27"]
[SourceVersion "1"]
[SourceVersionDate "2011.06.27"]
[SourceQuality "1"]
[TimeControl "40/5400+30:1800+30"]

1. d4 Nf6 2. c4 e6 3. Nc3 Bb4 4. Qc2 O-O 5. e4 d5 6. e5 Ne4 7. Bd3 (7. a3 Bxc3+
8. bxc3 c5 9. Bd3 (9. Bb2 {Un coup très laid mais relativement ... efficace
dans la pratique}) 9... Nc6 10. Ne2 cxd4 11. cxd4 Qa5+ (11... f6 12. O-O (12.
f3 $6 Qa5+ 13. Kf1 fxe5 $15) 12... fxe5 13. dxe5 Nxe5 14. Bxe4 dxe4 15. Qxe4
Nc6 16. Bb2 Qb6 {Kekelidze,M (2454)-Arutinian,D (2576) GEO-ch KO
67th 2008 (2.3) 1/2} (16... e5 $5)) 12. Kf1 Nb4 (12... f6 {La grande ligne} 13.
Bxe4 dxe4 14. exf6 Rxf6 (14... Qf5) 15. Be3 (15. Qxe4 Qa4 $44) 15... b6 $1 16.
Qxe4 (16. g4 Bb7 17. Kg2 Raf8 $36) (16. g3 $6 Qf5 $1 17.
Kg2 Qf3+) 16... Bb7 (16... Qa4 $5 )) 13. axb4 Qxa1 14. f3
f5 (14... Bd7 $5 $146 {Une tentative intéressante d'essai
d'amélioration de la ligne f5 pour essayer de profiter du vis-à-vis R et Kf1}
15. Qb1 {Par rapport а la ligne principale f5, les Noirs ont développé une
pièce supplémentaire} (15. fxe4 dxc4 $1 16. Qb1 (16. Bxc4 $2 Rac8 ) 16... Qa6 $1 {[%cal Ga6c4,Ga6f1] La pointe de la variante} 17. Bc2 f6 18. exf6 Rxf6+ 19. Ke1 Ba4 $5 (19... Raf8 20. e5 Rf2 21. Bxh7+ Kh8 22. Be3 $14) 20. Rf1 (20. Bxa4 Qxa4 21. Nc3 Qe8
22. Rf1 Qf7 (22... Rxf1+ 23. Kxf1 Qg6) 23. Rxf6 Qxf6 24. Be3 Rf8 25. Kd2 $13)
20... Rxf1+ 21. Kxf1 Rf8+ 22. Kg1 c3 $1 $40 ) (15.
c5 $6 {Evite le coup intermédiaire dc4 mais c'est trop lent et les noirs ont
un temps de plus par rapport а la ligne principale f5} f5)) 15. Qb1 {
Shariyazdanov,A (2562)-Rashkovsky,N (2511) Oberwart op 2002 (8) 1-0}) 7... c5
8. Nge2 cxd4 9. Nxd4 Nc5 $5 {[%csl Rd4,Re1][%cal Gd8h4,Gh4d4,Gh4h7] Trés peu
joué mais les Noirs ont des compensations et cette idée commence a connu un
succés grandissant en 2011 et 2012.} (9... Nd7 {[%cal Gd7c5,Gc5d3,Gd7e5] La
grande ligne} 10. Bf4 Ndc5 (10... Qh4 11. g3 Qh5) 11. O-O
Nxd3 (11... Bxc3 12. bxc3 Bd7 $1 13. Be2 Na4 14. cxd5
exd5 15. c4 Rc8 16. Rab1 Nb6 {Sarkar,J (2385)-Gelashvili,T (2611) World op
39th 2011 (2) 0-1} (16... Nac3 17. Rxb7 dxc4 18. Rxa7 Ba4 $1 $36 {Les pièces
Noires sont très dynamiques})) 12. Qxd3 Nxc3 13. bxc3 Be7 14. Rad1 Qa5 15. cxd5
exd5 16. Qg3 Re8 17. Rd3 Bd7 18. Re3 Bf8 19. Qh4 Rac8 20. Rg3 Qxa2 21. Bh6 Kh8
22. Qg5 g6 23. Bxf8 Rxf8 24. h4 {Morozevich,A (2755)-Leko,P (2755)/Moscow 2007/
1-0 (36)}) (9... dxc4 10. Bxe4 Qxd4 11. Bf4 (11. Bxh7+ Kh8 12. Be4 Qxe5 $132)
11... h6 12. O-O Bxc3 13. Rad1 $1 {Kuljasevic,D (2464)-Savic,M (2536) Zupanja
op-A 2nd 2008 (7) 1-0}) 10. Bxh7+ (10. O-O Nxd3 11. Qxd3 Nc6 $11 {Miron,L 
(2501)-Rajkovic,D (2411) Tivat Vukmanovic Memorial op 2011 (8) 1/2}) 10... Kh8
11. Be3 (11. Nf3 dxc4 (11... d4 $5 12. Bg5 f6 $1 (12... dxc3 $6 13. Bxd8 (13.
bxc3 $1 {Hélas, les Blancs ne sont pas forcés de prendre la Qd8} Qa5 14. cxb4)
13... cxb2+ 14. Ke2 bxa1=Q 15. Rxa1 Rxd8) (12... Qc7 13. a3 Ba5 (13... Nc6 14.
axb4 Nxb4) 14. b4 dxc3 15. O-O Nc6 16. Rfe1 $32 ) (12... Qa5 $2 13. Nxd4) 13. exf6 gxf6 14. O-O-O Qe7) 12. O-O Nd3
13. Be4 Nc6 14. Rd1 Be7 15. Qe2 Nxc1 16. Raxc1 Qa5 17. Bb1 g6 18. h4 Kg7 19. h5
Rh8 20. hxg6 f6 21. exf6+ Bxf6 22. Ne4 Qh5 23. Ng3 Qh6 24. Qxc4 {1-0 Li,C 
(2646)-Ni Hua (2646)/Xinghua Jiangsu 2011}) (11. O-O $6 Qh4 12. Ndb5 (12. Ncb5 $8 Qxh7 (12... Nbd7 13. cxd5) 13. Qxh7+ Kxh7 14. Nc7 Nba6
15. Nxa8 dxc4 16. Be3 $1 Bd7 17. Nc7 Nxc7 18. Nc2 {Un sauvetage miraculeux
mais très difficile à jouer devant l'échiquier}) 12... Nbd7) 11... dxc4 $1 {
[%csl Gd3][%cal Gc5d3] Les Noirs obtiennent une case forte pour le N} 12. Be4
$6 $146 (12. h4 Nbd7 13. O-O-O Nxe5 14. Nxe6 Ncd3+ 15. Bxd3 Nxd3+ 16. Qxd3 (16.
Rxd3 cxd3) 16... Bxe6 17. Qe4 Qa5 $132 ) (12. O-O-O
Nbd7 $13 (12... Qh4)) (12. O-O $6 Qh4 13. Ncb5 Qxh7 14. Qxh7+
Kxh7 15. Nc7 Nba6 16. Nxa8 Nd3 $15) 12... Qh4 $1 {[%csl Re4] Gagne un tempo
important pour dévier le B du contrôle de la case "d3"} (12... Bxc3+ 13. bxc3
Qh4 $1 ) 13. Bf3 (13. O-O-O $13) 13... Nd3+ $36 14. Kf1 Nd7 (14... Nxe5 15. g3 Qh7 16. Qxh7+ Kxh7 17. Kg2 Nbd7 18.
Rad1 Nxf3 (18... Nc5 19. Nc2) 19. Nxf3) 15. g3 Qd8 16. Bg2 $6 (16.
Kg2 {Les Blancs sont en retard de développement} N7xe5) 16... N7xe5 $40 17. Qe2 (17. f4 $2 {Il est difficile pour les Blancs de
déloger les N centraux} Ng4) 17... f5 18. h3 Qa5 19. Nc2 Bc5 20. Rb1 Bxe3 (
20... Rd8 $5 ) 21. Nxe3 Qc5 22. f4 Nc6 (22... Bd7 $1 23. fxe5 f4 24. Bxb7 Rab8 $19) 23. b3 cxb3 $1
24. Qxd3 Rd8 25. Qe2 Qxc3 26. Rxb3 Qc5 27. Kf2 Nd4 28. Qh5+ Kg8
$13 29. Rd1 Bd7 $1 30. Rxb7 Rab8 31. Rxb8 {La dernière faute} (31. Rdb1 $8)
31... Rxb8 32. Rd2 Qc3 33. Nf1 Rb1 34. Rd1 Qc2+ 35. Ke1 Qxg2 0-1

[Event "EU-ch 12th"]
[Site "Aix les Bains"]
[Date "2011.03.31"]
[Round "9"]
[White "Flear, Glenn C"]
[Black "Vuilleumier, Alexandre"]
[Result "0-1"]
[ECO "E32"]
[WhiteElo "2498"]
[BlackElo "2369"]
[Annotator "Marchand,A/Primel,D"]
[PlyCount "138"]
[EventDate "2011.03.22"]
[EventType "swiss"]
[EventRounds "11"]
[EventCountry "FRA"]
[SourceTitle "CBM 142 Extra"]
[Source "ChessBase"]
[SourceDate "2011.06.27"]
[SourceVersion "1"]
[SourceVersionDate "2011.06.27"]
[SourceQuality "1"]
[TimeControl "40/5400+30:1800+30"]

1. d4 Nf6 2. c4 e6 3. Nc3 Bb4 4. Qc2 O-O 5. a3 Bxc3+ 6. Qxc3 b6 7. Bg5 Bb7 8.
e3 (8. f3 h6 9. Bh4 d5 10. e3 (10. cxd5 exd5 11. Bxf6 Qxf6 12.
Qxc7 Ba6 $32)) 8... d6 (8... h6 9. Bh4 d6 10. f3 Nbd7 11. Bd3 e5) 9. Ne2 {
[%cal Gc3c2,Ge2c3,Ge1c1] Une ligne récente un peu lente} (9. f3 {La grande
ligne}) 9... Nbd7 (9... h6 $5 {Dans une partie de N II jouée il y a quelques
années, j'avais choisi cette ligne secondaire solide} 10. Bh4 Nbd7 11. Qd3 c5
12. Rd1 $6 (12. Nc3 $142 Qe7 13. Rd1 Rfd8 14. d5 Ne5 15. Qc2 Ng6 $11) 12... Qc7
13. dxc5 dxc5 14. Nc3 Rad8 15. Nb5 Qb8 16. Bg3 Qa8 17. Bc7 Bxg2 $15 {Colson,A 
(2202)-Primel,D (2072) FRA-chT2 West 0607 2006 (9.5) 1/2}) 10. Qd3 (10. Qc2 c5 {[%cal Ga8c8] C'est l'inconvénient du choix Qc2 par
rapport а Qd3 car après c7c5 et Rc8, le ooo thématique serait risqué} 11. Rd1 Qc7 $11) 10... Re8 (10... a5 $5 {[%cal Ga5a4,Ga8a5,Ga5g5] Un
nouveau plan intéressant pour gagner un tempo sur le Bg5} 11. Nc3 a4 12. Qc2 (
12. f3 Ra5) 12... Ra5 $132 13. Bxf6 (13. Bh4 Qa8 $132 {[%csl
Rg2] Un coup multifonction pour déclouer la Q tout en faisant pression sur "g2"
}) 13... Nxf6 14. Nxa4 Be4 $1 {Un joli coup intermédiaire} 15. Qd1 Qa8 {Nakamura,H (2565)-Milov,V (2574) Santo Domingo op 2003 (5) 0-1}) 11. Nc3 {
87} Qe7 {88} (11... h6 12. Bh4 Nf8 13. O-O-O Ng6 14. Bg3 Nh5 $11 (14... a5))
12. e4 (12. Be2) (12. f3 e5) 12... h6 13. Bh4 e5 14. d5 Nf8 (14... a5 ) 15. f3 Ng6 16. Bf2 {Comme souvent les
Blancs ont une meilleure structure et des bonnes perspectives а long-terme
mais ils n'ont pas terminé le développement.} Nd7 17. g3 (17. b4) 17... Nc5 18.
Qc2 {62} a5 {74 Les deux adversaires sont bien préparés et ils ont joué
rapidement l'ouverture.} 19. Be2 Bc8 $1 20. h4 (20. O-O-O Bh3 $11 ) 20... Bd7 21. O-O-O a4 22. Kb1 Qf8 (
22... Nb3 23. h5 Nf8 24. Rhg1 Nh7 (24... Nd4 $5 25. Bxd4 exd4 26. Rxd4 Qe5 )) 23. f4 $5 (23. h5 {Plus solide} Ne7 24. f4)
23... exf4 24. h5 f3 $1 25. Bxf3 Ne5 $44 26. Be2 Bg4 $5 {
Propose l'échange du mauvais B des Blancs mais en contre-partie, il sera
difficile de défendre la faiblesse "c4"} 27. Rh4 Bxe2 28. Nxe2 Nf3 29. Rf4 Ng5
30. Nc3 Nh3 31. Rh4 Nxf2 $1 {Les Blancs ont perdu le bénéfice de la paire de B
et la structure noire est maintenant nettement meilleure} 32. Qxf2 Re5 $17 33.
Qf3 Qe7 34. Rf4 Re8 35. Re1 Qd7 36. g4 R8e7 37. Ka2 Qe8 (37... Nb3 38. Nxa4 Nd2
39. Qd3 Qxa4 40. Qxd2 Qxc4+) 38. Re3 Qc8 39. Qe2 Qa6 40. Nb5 Nb3 41. Qc2 Qa5
42. Re2 Kf8 $3 {[%cal Gf8d8,Gd8c8,Gc8b7] Un joli plan de défense de la
faiblesse "c7"} 43. Kb1 Ke8 44. Qd3 Kd8 45. Kc2 Kc8 46. Nc3 Nc5 47. Qf3 f6 {
Les Blancs n'ont plus rien а l'aile-roi} 48. Qh1 Kb7 49. Nb5 Nb3 50. Qd1 Qa6
51. Qe1 Qa8 52. Re3 Qe8 53. Nc3 Nc5 54. Kb1 f5 $1 {Une fois que le K Noir a
trouvé refuge а l'aile-dame, le suisse peut se permettre le luxe de jouer sur
les deux ailes} 55. gxf5 Qxh5 56. Qf1 Qe8 57. Ka2 $2
$138 (57. Qg2) 57... Nxe4 58. Nxe4 Rxe4 59. Rexe4 Rxe4 60. f6 Rxf4 61. Qxf4 Qf7
62. fxg7 Qxf4 63. g8=Q Qxc4+ 64. Ka1 h5 65. Qe6 h4 66. Qf5 Qd4 67. Qf3 Qg1+ 68.
Ka2 Qg3 69. Qh5 h3 0-1

[Event "EU-ch 12th"]
[Site "Aix les Bains"]
[Date "2011.04.01"]
[Round "10"]
[White "Feller, Sebastien"]
[Black "Volokitin, Andrei"]
[Result "1-0"]
[ECO "E32"]
[WhiteElo "2657"]
[BlackElo "2677"]
[Annotator "Marchand,A/Primel,D"]
[PlyCount "143"]
[EventDate "2011.03.22"]
[EventType "swiss"]
[EventRounds "11"]
[EventCountry "FRA"]
[SourceTitle "CBM 142 Extra"]
[Source "ChessBase"]
[SourceDate "2011.06.27"]
[SourceVersion "1"]
[SourceVersionDate "2011.06.27"]
[SourceQuality "1"]
[TimeControl "40/5400+30:1800+30"]

1. d4 Nf6 2. c4 e6 3. Nc3 Bb4 4. Qc2 O-O (4... c5) (4... d5) 5. a3 Bxc3+ 6.
Qxc3 b6 7. Bg5 (7. Nf3 Bb7 8. e3 d6 9. b3 Nbd7 10. Bb2 Qe7 11. Be2 Ne4 (11...
c5) 12. Qc2 f5 13. O-O Rae8 14. Ne1 Qh4 15. d5 (15. b4 $5 $146 Rf6 (15... Ndf6
16. f3 Ng5 17. Nd3 $14 ) 16. Nf3 Qh5 17. c5 $1 $36 ) 15... Ndf6 16. Rd1 Qh6) 7... Bb7 8. f3 h6 9. Bh4 d5 10. e3 Nbd7 11.
cxd5 (11. Nh3 c5 (11... Rc8) 12. cxd5 exd5 13. Bb5 Ne4 14. Bxd8 Nxc3 15. bxc3 (
15. Bxd7 Rfxd8 16. Bf5 Nb5 17. Rd1 Nd6 $11 {Ulibin}) 15... Rfxd8 16. Kd2 Nf6
17. Bd3 Ne8 18. Nf4 {Shabalov,A (2425)-Ulibin,M (2445) URS-ch U26 Tbilisi 1989
1/2} (18. a4 $5 )) 11... Nxd5 12. Bxd8 Nxc3 13. Bh4 (13. Be7 Rfe8
14. Bb4 Nd5 15. e4 Ne3 16. Kf2 Nxf1 17. Rxf1 f5 $132 {Panno,O (2495)-Dokhoian,
Y (2575) GMA op Moscow 1989 (4) 1/2}) 13... Nd5 14. Bf2 f5 $5 (14... c5 {
L'alternative} 15. e4 Ne7 (15... Nf4 $13) 16. Bb5 Nc6 (16... Bc6) 17. Ne2 a6 (
17... Rfc8) 18. Ba4 (18. Bxc6 Bxc6) 18... b5 19. Bc2 cxd4 20. Nxd4 Rac8 21.
O-O-O $1 {Le problème majeur des Blancs dans cette variante Qc2 est le léger
retard de développement et dans cette position la paire de B commence а jouer.
J'ai néanmoins raté ensuite la nulle en zeitnot} Nde5 22. Nb3 a5 23. Nc5 $14 {
Lazarev,V (2441)-Primel,D 1er open Rohde 2001 (3) 1-0}) 15. Bb5 $5 {Une idée
interessante pour gêner le Bb7} c6 16. Bd3 (16. Ba4) (16. Bc4)
16... e5 $1 {[%cal Ga8e8,Ge8e1,Ge5d4] Les Noirs doivent joeur de manière
dynamique avant que les Blancs n'aient le temps de terminer le développement.}
17. Ne2 Rae8 (17... e4 $5 $146 {Aucune partie ne semble avoir
suivi ce coup selon les bases mais il mériterait un essai pratique même s'il
donne la case "f4"} 18. Bc4 (18. fxe4 $6 fxe4 19. Bxe4 Nxe3 $1
20. Bxe3 Rae8 {[%csl Re1,Re3] Illustrant le problème de développement des
Blancs}) 18... Kh7 (18... Rae8 19. Nf4) 19. Bxd5 (19. Nf4) 19... cxd5 20. Nf4
Rac8 $32) 18. O-O (18. O-O-O $5 $146 {Si les Noirs veulent attaquer sur la
colonne "c", ils vont devoir perdre deux tempi avec c6c5 et Re8c8.}) 18... exd4
$11 19. exd4 Nb8 {[%cal Gb7a6] Un coup multifonction:
- Avec un P isolé, l'échange ne peut pas être mauvais pour les Noirs. - Le Nd7
manque de cases centrales} (19... N7f6 $143 {Quelques parties jouées par
correspondance ont suivi cette ligne mais les Blancs sont un peu mieux.} 20.
Rfe1 f4 21. Nc3 $14 {[%csl Ge4];Jaworski,M (2458)-Lepikhov,A (2611) Krzyszton
mem corr 1999 1/2}) 20. Nc3 (20. Rac1 Ba6 21. Bxa6 Nxa6) 20... Ba6 (20... Nf4
$6 21. Bc4+) 21. Bxa6 Nxa6 22. Nxd5 cxd5 23. Rac1 $1 {[%csl Ra6,Gc1][%cal
Gc1c7] Maintient le N а la bande} f4 $146 {Semble un peu trop lent} (23... Rf7
$142 24. Rc2 Rc7 25. Rxc7 ({RR} 25. Rfc1 Rec8 26. Rxc7 Rxc7 27. Re1 f4 28. g3
Rc2 29. gxf4 Nc7 30. f5 Rxb2 31. Re7 Nb5 32. a4 Nc3 33. Rxa7 Ra2 34. Rc7 Nd1
35. Bh4 Ne3 36. f6 Nf5 37. Rc8+ Kf7 38. Rc7+ Kg8 39. Rc8+ Kf7 {L'Ami,E (2586)
-Spoelman,W (2461)/Vlissingen 2006/1/2-1/2 (40)}) 25... Nxc7 26. Bg3 Ne6 27. Re1 (27. Be5 Rc8 $132) 27... Kf7 28. Re5 Nxd4
{1/2-1/2 Leitao,R (2475)-Lima,D (2430)/Americana 1996}) (23... Re2 24. b4 Rf7 {
Volek,S (2308)-Bucek,J (2379) CZE-ch21 final email 2009 1/2}) 24. Rfe1 Kf7 25.
Rc6 $1 Rc8 26. Rec1 (26. Rce6 Rfe8 (26... Rc2 27. Re7+) 27. Rd6 ) 26... Rxc6 {Malgré un jeu ouvert, le B n'est pas trés bon а
cause de la faiblesse "d4"} 27. Rxc6 Ke7 28. Be1 Kd7 29. Rg6 Rf7 30. Bb4 $1 Nc7
(30... Nxb4 31. axb4 Re7 32. Kf2 $11) 31. Rd6+ $1 Ke8 32. a4 $1 {La position
Noire est très passive} Rd7 33. Rc6 Kf7 34. Bd6 Ne6 35. Be5
$14 {[%csl Ge5] Le mauvais B a réussi а s'activer} Ke7 36. b4 Rd8 37. a5 Kd7 (
37... bxa5 38. bxa5 Rd7 39. a6 ) 38. b5 $1 Rc8 39. Rd6+ Ke7 40.
axb6 Rc1+ 41. Kf2 Rc2+ 42. Kf1 Rc1+ 43. Ke2 axb6 44. Rxb6 Rc2+ 45.
Kd3 $1 Rxg2 46. Bd6+ Kf7 (46... Kd7 {Semblait mieux résister} 47. Bc5 Ng5 (
47... Rxh2 48. Rd6+ ) (47... Rb2 $2 48. Rd6+ ) 48. Rd6+ Kc8 49. Rxd5 Nxf3) 47. Rb7+ {Gagne un tempo important} Kg6
48. b6 Rb2 49. Be5 (49. Bc5) 49... Kh5 50. Kc3 Rb5 51. Rb8 Ng5 52.
Bxf4 Nxf3 53. Be5 g5 54. Bc7 $1 {Libère la R de la protection du P passé et le
problème majeur des Blancs de la R mal placée, sera résolu.} g4 (54... Kg6) 55.
Ra8 Nxh2 56. Bxh2 $6 $138 (56. Ra4 $142 $1 Kh4 57. Rb4
$18) 56... Rxb6 57. Rd8 Kh4 $13 58. Be5 Rg6 {On se souvient
tous de l'adage donné par TARRASCH: "Il faut toujours placer la R derrière le
P passé" Il se moquait un peu du fait que cette recommandation était prise
trop souvent au sens dogmatique (même si on reprochait aussi а l'allemand son
caractère dogmatique!) et il avait reçu une fois une lettre d'un amateur se
plaignant du fait qu'il avait perdu en suivant son conseil. Le Dr lui avait
répondu; "Il faut toujours placer la R derrière le P passé... sauf si c'est
une faute!"} (58... Kh3 $5 59. Rh8 (59. Rg8 h5) 59... Kh4 (59...
g3 $2 60. Rg8) 60. Kd3 h5 (60... g3 61. Rg8 Rb3+ 62. Ke2 (62. Kc2 Rf3 $132 ) 62... h5 $132)) 59. Rxd5 h5 60.
Rd6 Rg8 61. Ra6 g3 62. Ra1 Kg4 (62... g2 $6 63. Rg1 Kh3 {[%csl Ge5] Il est
difficile de progresser pour les Noirs} 64. d5 Rf8 65. d6 Rf1 66. Bd4 $1) 63.
d5 Kf5 64. Bc7 h4 (64... g2 $2 65. Bh2) 65. d6 Ke6 66. Re1+ Kd7 67. Re7+ Kc6 $8
(67... Kc8 $2 68. d7+ Kxc7 69. Re8) 68. d7 h3 $2 {la cadence trop rapide ne
permet pas de jouer "proprement" les finales.} (68... g2 $8 69. Bh2 Rd8 70. Rh7
Rxd7 71. Rxh4 Rg7 72. Bg1 Kd5 73. Kd3 Rf7 74. Rg4 Rf3+ 75. Ke2
Rb3 76. Rxg2 Rb2+ ) 69. Re8 Kxd7 70. Rxg8 h2 71. Rg7+ Kc6 72. Rh7
1-0